 Dungeon Crawl Stone Soup version 0.19-a0-1851-g3228ea0 (webtiles) character file.

112 graki42 the Cudgeler (level 4, -4/46 HPs)
             Began as an Ogre Gladiator on Oct 10, 2016.
             Slain by an ice beast (8 damage)
             ... on level 4 of the Dungeon.
             The game lasted 00:06:32 (3503 turns).

graki42 the Cudgeler (Ogre Gladiator)               Turns: 3503, Time: 00:06:33

Health: -4/46      AC:  3    Str: 21    XL:     4   Next: 95%
Magic:  4/4        EV: 11    Int:  7    God:
Gold:   148        SH:  0    Dex: 12    Spells: 0 memorised, 3 levels left

rFire  . . .     SeeInvis +     n - +0 mace
rCold  . . .     Gourm    .     b - +0 robe
rNeg   . . .     Faith    .     (no shield)
rPois  .         Spirit   .     c - +0 hat
rElec  .         Dismiss  .     (no cloak)
rCorr  .         Reflect  .     (gloves unavailable)
MR     .....     Harm     .     (boots unavailable)
Stlth  +.........               (no amulet)
                                p - +2 ring of dexterity
                                j - ring of see invisible

@: no status effects
A: unfitting armour, tough skin 1
a: no special abilities


You were on level 4 of the Dungeon.
You were not hungry.

You visited 1 branch of the dungeon, and saw 4 of its levels.

You collected 148 gold pieces.

Inventory:

Hand Weapons
 a - a +0 flail
 n - a +0 mace (weapon)
Missiles
 d - 3 throwing nets (quivered)
Armour
 b - a +0 robe (worn)
 c - a +0 hat (worn)
Jewellery
 j - a ring of see invisible (left hand)
 p - a +2 ring of dexterity (right hand)
Scrolls
 h - 4 scrolls of identify {unknown}
 l - 2 scrolls of random uselessness {unknown}
 m - a scroll of enchant weapon {unknown}
 o - 6 scrolls of remove curse {unknown}
 r - 3 scrolls of fear {unknown}
 t - a scroll of enchant armour {unknown}
 u - 3 scrolls of magic mapping {unknown}
 v - 2 scrolls of teleportation {unknown}
Potions
 e - 2 potions of mutation {unknown}
 k - a potion of flight {unknown}
 q - 2 potions of lignification {unknown}
 s - 2 potions of cure mutation {unknown}
 w - a potion of brilliance {unknown}
Comestibles
 f - 4 bread rations
 g - a beef jerky
 i - a fruit


   Skills:
 + Level 3.6 Fighting
 + Level 5.7 Maces & Flails
 + Level 2.2 Throwing
 + Level 3.4 Dodging
 - Level 0.1 Stealth


You had 3 spell levels left.
You didn't know any spells.

Dungeon Overview and Level Annotations

Branches:
Dungeon (4/15)
 Temple: D:4-7

Altars:
Dithmenos


Innate Abilities, Weirdness & Mutations

You are too large for most types of armour.
You have tough skin. (AC +1)


Message History

The ice beast freezes you!
* * * LOW HITPOINT WARNING * * *
Unknown command.
You see here 9 gold pieces.
There is a stone staircase leading up here.
You hit the ice beast.
The ice beast is severely wounded.
The ice beast barely misses you.
You completely miss the ice beast.
The ice beast is severely wounded.
The ice beast hits you but does no damage.
You hit the ice beast.
The ice beast is severely wounded.
The ice beast closely misses you.
You closely miss the ice beast.
The ice beast is severely wounded.
The ice beast hits you.
* * * LOW HITPOINT WARNING * * *
The ice beast freezes you!
You die...

#......................#
#......#############.......
#...<..########### ..#####.
#.........#......##.##
#########.#.........##.#
#..............#
###........#####
####.........###
#....#...Y@....#
#.<.####.#...#.##
#..(.##..#....... .#.
#....#..#..##.#### #..
##########..........[..## ..
#....#######...####.##)..#.#
#....#........## #.####...# #
#......####..######...###..##..#
#.......................<.......


You could see an ice beast.

Vanquished Creatures
  5 adders
  2 worms
  3 dart slugs
  2 leopard geckos
  9 bats
  A giant cockroach (D:2)
  4 goblins
  5 hobgoblins
  A jackal (D:3)
  2 quokkas (D:4)
  A ball python (D:1)
  A frilled lizard (D:3)
  9 kobolds
  10 rats
55 creatures vanquished.

Notes
Turn   | Place    | Note
-------+----------+-------------------------------------------
     0 | D:1      | graki42 the Ogre Gladiator began the quest for the Orb.
     0 | D:1      | Reached XP level 1. HP: 22/22 MP: 1/1
   151 | D:1      | Reached XP level 2. HP: 24/29 MP: 2/2
   724 | D:2      | Reached XP level 3. HP: 23/37 MP: 3/3
  1515 | D:2      | Reached skill level 5 in Maces & Flails
  1709 | D:2      | Reached XP level 4. HP: 35/45 MP: 4/4
  2656 | D:3      | Found a shadowy altar of Dithmenos.
  3451 | D:4      | Noticed an ice beast
  3459 | D:4      | HP: 1/46 [ice beast (10)]
  3503 | D:4      | Slain by an ice beast

Vault maps used:
D:1:      tarquinn_simple_flora_water_c
D:3:      marbit_many_paths, first_bread, kennysheep_generic_room_4
D:4:      bloody_makhleb

Skill      XL: |  1  2  3 |
---------------+----------+-----
Dodging        | 3 |  3.4
Fighting       | 3 |  3.6
Maces & Flails | 5 |  5.7
Throwing       | |  2.2
Stealth        | |  0.1

Action                   |  1- 3 |  4- 6 || total
-------------------------+-------+-------++-------
Melee: Flail             |   109 |       ||   109
       Mace              |     8 |   115 ||   123
 Stab: Sleeping          |       |     1 ||     1
  Eat: Chunk             |     2 |     6 ||     8
Armor: Robe              |    34 |    39 ||    73
Dodge: Dodged            |    80 |    80 ||   160
